cohdb
Replays
Latest Replays
All Replays
Popular Replays
Top Player Replays
Match Explorer
How It Works
Community
CoH3 Stats
Reddit
Sign in to upload your games and track your stats! →
Sign in with Steam
Match 42197043
Unlisted
Match 42197043
Overview
Messages
Build Orders
End
Construct Barracks
Riflemen Squad
Riflemen Squad
Riflemen Squad
Grenade Package
Construct Weapon Support Center
Selects Heavy Weapons
Selects Assault Carriers
Selects Exchangeable Parts
Air Support Center
M1919 Machine Gun Team
M3 Assault Carrier
Grasshopper Recon Run
M3 Assault Carrier
M1918 Browning Automatic Rifles
Engineer Squad
Grasshopper Recon Run
Riflemen Squad
Construct Tank Depot
Jd577
Spacemedic
Biggestfoot
jghall1
0
0
Comments
sign in to comment!
No comments posted yet!